 Dungeon Crawl Stone Soup version 0.31.0-32-g396128a36d (webtiles) character file.

Game seed: 5412498964681020837

240 PaiMei the Digger (level 6, -1/36 HPs)
             Began as a Gargoyle Earth Elementalist on Apr 10, 2024.
             Killed from afar by an orc wizard (9 damage)
             ... with a magic dart
             ... on level 4 of the Dungeon.
             The game lasted 00:05:47 (4419 turns).

PaiMei the Digger (Gargoyle Earth Elementalist)     Turns: 4419, Time: 00:05:48

Health: -1/36      AC: 12    Str: 12    XL:     6   Next: 8%
Magic:  5/10       EV: 10    Int: 17    God:
Gold:   83         SH:  0    Dex: 10    Spells: 7/11 levels left

rFire   . . .        s - +0 flail
rCold   . . .        (no shield)
rNeg    + . .        f - +0 ring mail
rPois   ∞            l - +0 helmet
rElec   +            (no cloak)
rCorr   .            n - +0 pair of gloves
SInv    .            (no boots)
Will    .....        (no amulet)
Stlth   +            z - +4 ring of slaying
HPRegen 0.26/turn    (no ring)
MPRegen 0.12/turn

%: no passive effects
@: no status effects
A: sickness immunity, AC +4, negative energy resistance 1, electricity
resistance, torment resistance 1, petrification resistance
a: no special abilities


You were on level 4 of the Dungeon.
You visited 1 branch of the dungeon, and saw 4 of its levels.

You collected 83 gold pieces.

Inventory:

Hand Weapons
 c - a +0 dagger
 s - a +0 flail (weapon)
Missiles
 h - 3 poisoned darts
 o - 33 stones
Armour
 a - a +0 robe
 f - a +0 ring mail (worn)
 l - a +0 helmet (worn)
 n - a +0 pair of gloves (worn)
Jewellery
 z - a +4 ring of slaying (left hand)
Scrolls
 d - 2 scrolls of amnesia {unknown}
 e - a scroll of fog {unknown}
 i - 4 scrolls of teleportation {unknown}
 p - a scroll of noise {unknown}
 r - a scroll of vulnerability {unknown}
 u - a scroll of fear {unknown}
 w - a scroll of identify {unknown}
 x - a scroll of immolation {unknown}
 y - a scroll of enchant weapon {unknown}
Potions
 b - 2 potions of magic
 g - 2 potions of curing {unknown}
 j - a potion of lignification {unknown}
 k - a potion of attraction {unknown}
 m - 2 potions of might {unknown}
 q - a potion of degeneration {unknown}
 t - 2 potions of heal wounds {unknown}
 v - a potion of mutation {unknown}


   Skills:
 + Level 2.7 Fighting
 + Level 2.7 Armour
 - Level 1.7 Dodging
 - Level 2.4 Stealth
 + Level 3.2 Spellcasting
 - Level 1.3 Conjurations
 + Level 5.0 Earth Magic


You had 7 spell levels left.
You knew the following spells:

 Your Spells              Type           Power      Damage    Failure   Level
a - Sandblast             Erth           38%        2d10      4%          1
b - Stone Arrow           Conj/Erth      26%        3d8       30%         3

Your spell library contained the following spells:

 Spells                   Type           Power      Damage    Failure   Level
 Passwall                 Erth           19%        N/A       14%         3
 Kiss of Death            Conj/Necr      20%        2d7       28%         1
 Freeze                   Ice            8%         1d3       36%         1
 Static Discharge         Conj/Air       10%        3-4/arc   41%         2
 Ensorcelled Hibernation  Hex/Ice        4%         N/A       50%         2
 Hailstorm                Conj/Ice       5%         3d5       65%         3
 Brom's Barrelling Bould  Conj/Erth      13%        2d4       69%         4
 Confusing Touch          Hex            2%         N/A       75%         3
 Frozen Ramparts          Ice            4%         1d1       75%         3
 Fugue of the Fallen      Necr           2%         N/A       75%         3
 Petrify                  Alch/Erth      11%        N/A       80%         4
 Airstrike                Air            1%         2d(1-17)  98%         4
 Anguish                  Hex/Necr       1%         N/A       98%         4
 Dispel Undead            Necr           2%         3d7       98%         4
 Summon Lightning Spire   Summ/Air       2%         N/A       98%         4


Dungeon Overview and Level Annotations

Branches:
Dungeon (4/15)
 Temple: D:4-7

Altars:
Fedhas
Yredelemnul

Annotations:
D:3 exclusion: oklob plant


Innate Abilities, Weirdness & Mutations

You are immune to sickness and miasma.
Your stone body is resilient. (AC +4)
You are immune to poison.
You resist negative energy. (rN+)
You are resistant to electric shocks. (rElec)
You are resistant to unholy torment.
You are immune to petrification.


Message History

The blast of sand hits the orc.
The orc is heavily wounded.
The orc misses you. Something hits you but does no damage.
The orc barely misses you. The orc hits you but does no damage.
Something hits you but does no damage.
Casting: Sandblast (safe; 4% risk of failure)
Confirm with . or Enter, or press ? or * to list all spells.
Aiming: Sandblast (safe; 4% risk of failure)
Press: ? - help, Shift-Dir - straight line, f/p - orc
Aim: an orc, wielding a +0 club and wearing a +0 chain mail (heavily wounded, 87% to hit)
The blast of sand hits the orc.
You kill the orc!
The orc hits you with a +0 flail. Something hits you but does no damage.
The orc hits you with a +0 flail.
* * * LOW HITPOINT WARNING * * *
Casting: Sandblast (safe; 4% risk of failure)
Confirm with . or Enter, or press ? or * to list all spells.
Aiming: Sandblast (safe; 4% risk of failure)
Press: ? - help, Shift-Dir - straight line, f - orc
Aim: an orc, wielding a +0 flail and wearing a +0 chain mail (severely wounded, 87% to hit)
The blast of sand hits the orc but does no damage.
The orc is severely wounded.
Something hits you but does no damage. The orc barely misses you.
Something hits you but does no damage.
You hit the orc.
You kill the orc!
Something hits you but does no damage.
Casting: Sandblast (safe; 4% risk of failure)
Confirm with . or Enter, or press ? or * to list all spells.
Aiming: Sandblast (safe; 4% risk of failure)
Press: ? - help, Shift-Dir - straight line Something hits you but does no damage. x2
Casting: Sandblast (safe; 4% risk of failure)
Confirm with . or Enter, or press ? or * to list all spells.
Aiming: Sandblast (safe; 4% risk of failure)
Press: ? - help, Shift-Dir - straight line You hear some strange, mumbled words.
A magic dart appears from out of thin air!
The magic dart hits you!
You die...

########.....#
#............#
#............#
#.....>......#
#.......###'##
#.......#...#
#.......#...#
#.......#...#
#.......+.@.#
#.......#.{)#
#.......#)..#
#.......##'##
#.......#.).#
#######.......+...#
..............#...#
.......########...#
.......'.....##...#


There were no monsters in sight!

Vanquished Creatures
  Terence (D:2)
  An iguana (D:3)
  An orc wizard (D:3)
  A scorpion zombie (D:3)
  A hound zombie (D:3)
  Robin (D:3)
  An adder (D:3)
  2 gnolls
  2 dart slugs
  2 ribbon worms
  6 orcs
  7 endoplasms
  3 giant cockroaches
  11 goblins
  6 hobgoblins
  4 kobolds
  2 quokkas
  10 ball pythons
  4 bats
  6 frilled lizards
  4 rats
76 creatures vanquished.

Notes
Turn   | Place    | Note
-------+----------+-------------------------------------------
     0 | D:1      | PaiMei the Gargoyle Earth Elementalist began the quest for
                  | the Orb.
     0 | D:1      | Reached XP level 1. HP: 10/10 MP: 3/3
   204 | D:1      | Reached XP level 2. HP: 13/15 MP: 5/5
   809 | D:1      | Reached skill level 4 in Earth Magic
   809 | D:1      | Reached XP level 3. HP: 17/20 MP: 6/6
  1086 | D:2      | Reached skill level 1 in Fighting
  1273 | D:1      | Reached skill level 1 in Armour
  1702 | D:2      | Reached XP level 4. HP: 11/25 MP: 4/7
  1865 | D:2      | Noticed Terence
  1880 | D:2      | Killed Terence
  2324 | D:3      | Found a blossoming altar of Fedhas.
  2348 | D:3      | Noticed an oklob plant
  2845 | D:3      | Reached XP level 5. HP: 27/30 MP: 7/9
  3364 | D:3      | Noticed Robin
  3372 | D:3      | Killed Robin
  3912 | D:3      | Reached XP level 6. HP: 23/36 MP: 10/10
  3963 | D:3      | Learned a level 3 spell: Stone Arrow
  4161 | D:3      | Found a basalt altar of Yredelemnul.
  4370 | D:4      | Reached skill level 5 in Earth Magic
  4419 | D:4      | Killed from afar by an orc wizard

Illustrated notes

Levels and vault maps discovered:
D:1:      minmay_arrival_checkered_box, layout_basic, serial_rivers,
          chequers_serial_rivers_micro_b, chequers_serial_rivers_marsh,
          chequers_serial_rivers_micro_a, chequers_serial_rivers_micro_d,
          st_stairs_6
D:2:      layout_loops_ring, minmay_cupped, uniq_terence
D:3:      layout_basic, lemuel_zombie_altar_yredelemnul, tgw_fedhas, uniq_robin
D:4:      layout_gridville, nicolae_dithmenos_the_darkroom, lightli_minifort

Skill      XL: |  1  2  3  4  5  6 |
---------------+-------------------+-----
Earth Magic    | 4 5 |  5.0
Fighting       | 1 2 |  2.7
Armour         | 1 2 |  2.7
Spellcasting   | 3 |  3.2
Dodging        | |  1.7
Stealth        | |  2.4
Conjurations   | |  1.3

Action                     |  1- 3 |  4- 6 || total
---------------------------+-------+-------++-------
  Melee: Dagger            |   122 |       ||   122
         Unarmed           |     9 |       ||     9
         Punch             |     1 |       ||     1
         Flail             |       |   164 ||   164
   Cast: Sandblast         |    12 |    26 ||    38
   Stab: Sleeping          |     2 |       ||     2
 Armour: Robe              |    12 |       ||    12
         Ring mail         |    84 |   237 ||   321
  Dodge: Dodged            |    84 |   170 ||   254
